 Dungeon Crawl Stone Soup version 0.19-a0-1091-g463c9de (webtiles) character file.

434 Charmandara the Chiller (level 7, 0/46 HPs)
             Began as a Merfolk Ice Elementalist on July 31, 2016.
             Was a Follower of Okawaru.
             Slain by a wight
             ... wielding a cursed +1 dire flail
              (12 damage)
             ... on level 7 of the Dungeon on Aug 8, 2016.
             The game lasted 00:13:53 (4336 turns).

Charmandara the Chiller (Merfolk Ice Elementalist)  Turns: 4336, Time: 00:13:54

Health: 0/46       AC:  3    Str:  7    XL:     7   Next: 0%
Magic:  22/22      EV: 12    Int: 16    God:    Okawaru [*.....]
Gold:   266        SH:  0    Dex: 14    Spells: 4 memorised, 4 levels left

rFire  . . .     SeeInvis .     b - +1 scimitar (flame)
rCold  . . .     Gourm    .     t - +0 robe
rNeg   . . .     Faith    .     (no shield)
rPois  .         Spirit   .     s - +0 helmet
rElec  .         Dismiss  .     (no cloak)
rCorr  .         Reflect  .     (no gloves)
SustAt .         Harm     .     (no boots)
MR     .....                    (no amulet)
Stlth  ++........               v - -2 ring of strength (curse)
                                r - ring of magical power {MP+9}

@: about to teleport, drained
A: change form in water, swift swim
a: Heroism, Renounce Religion


You were on level 7 of the Dungeon.
You worshipped Okawaru.
Okawaru was aware of your devotion.
You were not hungry.

You visited 1 branch of the dungeon, and saw 5 of its levels.

You collected 266 gold pieces.

Inventory:

Hand Weapons
 a - a +4 short sword of draining
   (You took it off an orc on level 3 of the Dungeon)
 b - a +1 scimitar of flaming (weapon)
   (You took it off an orc warrior on level 7 of the Dungeon)
 n - a cursed -2 hunting sling
   (You found it on level 2 of the Dungeon)
Armour
 g - a cursed +0 ring mail
   (You found it on level 2 of the Dungeon)
 s - a +0 helmet (worn)
   (You found it on level 3 of the Dungeon)
 t - a +0 robe (worn)
Jewellery
 d - an uncursed ring of protection from fire {unknown}
   (You found it on level 4 of the Dungeon)
 r - a ring of magical power (left hand) {MP+9}
   (You found it on level 3 of the Dungeon)
 v - a cursed -2 ring of strength (right hand)
   (You found it on level 3 of the Dungeon)
Scrolls
 e - a scroll of teleportation
 j - 2 scrolls of magic mapping {!r}
Potions
 i - a potion of magic
 u - a potion of curing
Books
 k - a book of Frost
Comestibles
 c - 2 bread rations {@e1}
 f - a beef jerky
 h - a chunk of flesh {@w0}


   Skills:
 - Level 2.6(1.9) Dodging
 - Level 2.1(1.4) Stealth
 - Level 4.0(3.3) Spellcasting
 * Level 1.2(0.5) Conjurations
 + Level 6.9(6.1) Ice Magic


You had 4 spell levels left.
You knew the following spells:

 Your Spells              Type           Power        Failure   Level  Hunger
a - Freeze                Ice            ###.         1%          1    None
b - Throw Icicle          Conj/Ice       ##......     50%         4    ####...
x - Throw Frost           Conj/Ice       ##....       10%         2    ##.....
A - Ozocubu's Armour      Chrm/Ice       ##......     17%         3    ###....


Dungeon Overview and Level Annotations

Branches:
Dungeon (4/15)
 Temple: D:4-7

Altars:
Dithmenos
Okawaru
Trog
Vehumet
Yredelemnul

Annotations:
D:4 exclusion: Blork the orc, Blork the orc


Message History

Drop what? 17/52 slots (_ for help) (? for menu, Esc to quit)
Okay, then.
Adjust (i)tems, (s)pells, or (a)bilities?
Adjust which item? (? for menu, Esc to quit)
t - a +4 short sword of draining Adjust to which letter? (? for menu, Esc to quit)
a - a +4 short sword of draining;
t - a +0 robe (worn)
Adjust (i)tems, (s)pells, or (a)bilities?
Adjust which item? (? for menu, Esc to quit)
k - a +1 scimitar of flaming (weapon)
Adjust to which letter? (? for menu, Esc to quit)
b - a +1 scimitar of flaming (weapon);
k - a book of Frost
Things that are here:
a +1 dagger of venom; a falchion
Things that are here:
a +1 dagger of venom; a falchion Your +1 scimitar of flaming stops flaming.
You sense an unholy aura.
a - a +4 short sword of draining (weapon)
Your icy armour starts to melt.
Your magical contamination has completely faded away.
Health restored: 41 You start resting.
You feel a little less agile now.
Unknown command.
You start resting.
Your icy armour evaporates.
Unknown command.
You found a teleport trap!
Unknown command.
You now have 266 gold pieces (gained 8).
A giant gecko comes into view.
The giant gecko moves out of view.
You regained 7 mp, and now have 19/21 mp.
You see here a club.
A wight comes into view. It is wielding a hand axe.
MP restored: 21 A wight is nearby!
A wight comes into view. It is wielding an enchanted dire flail.
You see here a leather armour.
Your +1 scimitar of flaming bursts into flame!
b - a +1 scimitar of flaming (weapon)
A wight comes into view. It is wielding an enchanted mace.
The wight hits you with a hand axe!
You feel drained.
You take 9 damage, and have 32/41 hp.
MASSIVE DAMAGE!!
Unknown command.
Okay, then.
You gain the combat prowess of a mighty hero.
The wight misses you.
You riposte.
You hit the wight but do no damage.
You now have 19/21 mp.
Unknown command.
Unknown command.
You completely miss the wight. The wight barely misses you.
You riposte.
You hit the wight. You burn the wight. You hit the wight. You burn the wight.
The wight misses you.
You riposte.
You barely miss the wight. You hit the wight. You burn the wight.
The wight misses you.
You riposte.
You hit the wight but do no damage. You barely miss the wight.
The wight closely misses you.
The wight hits you with an enchanted mace.
You feel drained.
You take 4 damage, and have 29/41 hp.
You see here a leather armour.
The wight barely misses you.
You riposte.
You closely miss the wight. You hit the wight. You burn the wight.
You destroy the wight!
Okawaru accepts your kill.
Your base Conjurations skill increases to level 1!
You have reached level 7!
You regained 4 hp, and now have 33/46 hp.
You barely miss the wight.
You feel like a meek peon again.
You closely miss the wight.
The wight hits you with an enchanted dire flail!
You take 9 damage, and have 24/46 hp.
You closely miss the wight. The wight barely misses you.
The wight hits you but does no damage.
Unknown command.
You aren't carrying any items that you can evoke.
Unknown command.
Okay, then.
You hit the wight but do no damage.
The wight hits you with an enchanted dire flail!
You feel drained.
You take 11 damage, and have 14/46 hp.
MASSIVE DAMAGE!!
Unknown command.
You barely miss the wight.
The wight hits you with an enchanted dire flail.
* * * LOW HITPOINT WARNING * * *
You take 3 damage, and have 11/46 hp.
Unknown command.
Unknown command.
MP restored: 22
As you read the scroll of teleportation, it crumbles to dust.
You feel strangely unstable.
The wight hits you with an enchanted dire flail!
You die...

#........#.#.# #.#.#
#........#.#.# #.#..
#........#.#.#########.###
#........#.#..............
#........#.###########.###
#....[...#.# #.###
#####)####.######### #.#^.
######.####.........###.#.#
.........zz@................
.######.###########.#....#.#
.... #......... #.###
#######.#.. #. ........### #
########... #.## #.# #.#


You could see 2 wights.

Vanquished Creatures
  An orc warrior (D:7)
  The ghost of CabbageHands the Shooter, an amateur HEHu (D:3)
  A wight (D:7)
  An orc wizard (D:7)
  2 worker ants
  A killer bee zombie (D:7)
  A gnoll (D:2)
  3 adders
  3 worms
  3 dart slugs
  A giant gecko (D:3)
  6 orcs
  6 bats
  3 giant cockroaches (D:3)
  6 goblins
  8 hobgoblins
  5 jackals
  A quokka (D:2)
  A giant gecko skeleton (D:7)
  6 giant newts
  8 kobolds
  10 rats
  A fungus (D:4)
79 creatures vanquished.

Notes
Turn   | Place    | Note
-------+----------+-------------------------------------------
     0 | D:1      | Charmandara the Merfolk Ice Elementalist began the quest for the Orb.
     0 | D:1      | Reached XP level 1. HP: 13/13 MP: 3/3
   201 | D:1      | Reached XP level 2. HP: 16/19 MP: 5/5
   248 | D:1      | Upgraded the game from 0.19-a0-1049-g462a813 to 0.19-a0-1091-g463c9de
   422 | D:1      | Reached skill level 4 in Ice Magic
   979 | D:1      | Learned a level 2 spell: Throw Frost
  1316 | D:2      | Reached XP level 3. HP: 24/24 MP: 6/6
  1706 | D:2      | Reached skill level 5 in Ice Magic
  1779 | D:2      | Found a basalt altar of Yredelemnul.
  2244 | D:2      | Reached XP level 4. HP: 30/30 MP: 7/7
  2325 | D:2      | Found an iron altar of Okawaru.
  2471 | D:2      | Became a worshipper of Warmaster Okawaru
  2851 | D:3      | Reached skill level 6 in Ice Magic
  2877 | D:3      | Noticed CabbageHands's ghost (amateur HEHu)
  2903 | D:2      | Found a bloodstained altar of Trog.
  2903 | D:2      | Found a radiant altar of Vehumet.
  3097 | D:3      | Killed CabbageHands's ghost
  3097 | D:3      | Reached XP level 5. HP: 22/35 MP: 9/9
  3305 | D:3      | Found a shadowy altar of Dithmenos.
  3582 | D:3      | Gained mutation: You are partially covered in molten scales. (AC +2) [potion of beneficial mutation]
  3583 | D:3      | Gained mutation: You are resistant to electric shocks. (rElec) [potion of beneficial mutation]
  3625 | D:4      | Noticed Blork the orc
  3644 | D:4      | Reached skill level 3 in Spellcasting
  3682 | D:4      | Learned a level 3 spell: Ozocubu's Armour
  3687 | D:4      | Learned a level 4 spell: Throw Icicle
  3889 | D:4      | You fall through a shaft for 3 floors!
  3955 | D:7      | Reached XP level 6. HP: 36/41 MP: 10/10
  4145 | D:7      | Noticed an orc warrior
  4161 | D:7      | Lost mutation: You are resistant to electric shocks. (rElec) [potion of cure mutation]
  4161 | D:7      | Lost mutation: You are partially covered in molten scales. (AC +2) [potion of cure mutation]
  4168 | D:7      | Killed an orc warrior
  4168 | D:7      | Reached * piety under Okawaru
  4173 | D:7      | Reached skill level 4 in Spellcasting
  4326 | D:7      | Reached skill level 1 in Conjurations
  4326 | D:7      | Reached XP level 7. HP: 33/46 MP: 13/13
  4331 | D:7      | HP: 11/46 [wight/enchanted dire flail (3)]
  4336 | D:7      | Slain by a wight

Vault maps used:
D:1:      dpeg_arrival_rooms_b, hangedman_abyss_or_decor_stabs
D:2:      okawaru_altar_gauntlet_db, yredelemnul_altar_generic,
          nicolae_overflow_hidden_temple, minmay_cut_off
D:3:      grunt_dithmenos_smoke
D:4:      first_bread, minmay_gold_behind_fungi, uniq_blork_the_orc
D:7:      nicolae_tso_besieged_by_evil, feat_on_display

Skill      XL: |  1  2  3  4  5  6 |
---------------+-------------------+-----
Ice Magic      | 4 5 6 |  6.9
Spellcasting   | 3 4 |  4.0
Conjurations   | 1 |  1.2
Dodging        | |  2.6
Stealth        | |  2.1

Action                   |  1- 3 |  4- 6 |  7- 9 || total
-------------------------+-------+-------+-------++-------
Melee: Short sword       |    51 |    75 |       ||   126
       Dagger            |    58 |    18 |       ||    76
       Scimitar          |       |    10 |     5 ||    15
 Cast: Freeze            |    22 |    31 |       ||    53
       Throw Frost       |       |     6 |       ||     6
       Ozocubu's Armour  |       |     2 |       ||     2
Invok: Heroism           |       |     1 |       ||     1
  Use: Scroll            |       |     8 |     1 ||     9
       Potion            |       |     5 |       ||     5
 Stab: Sleeping          |     7 |     2 |       ||     9
       Distracted        |     1 |       |       ||     1
  Eat: Chunk             |     4 |     5 |       ||     9
       Meat ration       |       |     1 |       ||     1
Armor: Robe              |    19 |    18 |     1 ||    38
Dodge: Dodged            |    81 |   103 |     1 ||   185

Vault maps used:
D:1:      dpeg_arrival_rooms_b, hangedman_abyss_or_decor_stabs
D:2:      okawaru_altar_gauntlet_db, yredelemnul_altar_generic,
          nicolae_overflow_hidden_temple, minmay_cut_off
D:3:      grunt_dithmenos_smoke
D:4:      first_bread, minmay_gold_behind_fungi, uniq_blork_the_orc
D:7:      nicolae_tso_besieged_by_evil, feat_on_display

Table legend:
 A = Turns spent in this place as a percentage of turns spent in the entire game.
 B = Non-inter-level travel turns spent in this place as a percentage of non-inter-level travel turns spent in the entire game.
 C = Inter-level travel turns spent in this place as a percentage of turns spent in this place.
 D = Turns resting spent in this place as a percentage of non-inter-level travel turns spent in this place.
 E = Turns spent auto-exploring this place as a percentage of non-inter-level travel turns spent in this place.
 F = Non-inter-level travel turns spent in this place divided by the number of levels of this place that you've seen.
                   A       B       C       D       E      F
               +-------+-------+-------+-------+-------+----------------------
         Total | 100.0 | 100.0 |   0.5 |   4.4 |   7.8 | 226.8
       Dungeon | 100.0 | 100.0 |   0.5 |   4.4 |   7.8 | 226.8
               +-------+-------+-------+-------+-------+----------------------

Table legend:
 A = Kills in this place as a percentage of kills in entire the game.
 B = Kills by you in this place as a percentage of kills by you in the entire game.
 C = Kills by friends in this place as a percentage of kills by friends in the entire game.
 D = Other kills in this place as a percentage of other kills in the entire game.
 E = Experience gained in this place as a percentage of experience gained in the entire game.
 F = Experience gained in this place divided by the number of levels of this place that you have seen.
                   A       B       C       D       E      F
               +-------+-------+-------+-------+-------+----------------------
         Total | 100.0 | 100.0 |  -nan |  -nan | 100.0 | 124.2
       Dungeon | 100.0 | 100.0 |  -nan |  -nan | 100.0 | 124.2
               +-------+-------+-------+-------+-------+----------------------
